Map: [ESL] Dragon Scales

Players

HeroMarine - Winner!

  • Race: Terran Terran

Oliveira

  • Race: Terran Terran

Event: IEM Katowice 2023

VOD

Have the link to the VOD?

Description

Time

  • Played on: Feb. 11, 2023, 12:31 p.m.
  • Length: 14:37

All games in this series

Show
View Real Time Build Order
Export as new Build Order

HeroMarine Terran - Winner!

Build Orders:  

Get SALT Encoding   

  12  0:00  SCV  
  13  0:12  SCV  
  14  0:16  Supply Depot  
  14  0:24  SCV  
  15  0:38  Barracks, SCV  
  16  0:43  Refinery  
  16  0:50  SCV  
  16  0:52  Refinery  
  17  1:02  SCV  
  18  1:14  SCV  
  20  1:25  Reaper  
  20  1:26  Orbital Command  
  20  1:31  Supply Depot  
  20  1:42  Factory  
  20  1:52  SCV  
  21  1:57  Reaper  
  22  2:04  SCV  
  23  2:14  Command Center  
  23  2:16  SCV  
  24  2:26  Hellion  
  24  2:28  SCV  
  27  2:30  Barracks Reactor  
  27  2:34  Supply Depot  
  27  2:40  SCV  
  28  2:45  Starport  
  28  2:48  Factory Tech Lab  
  28  2:52  SCV  
  29  3:04  SCV  
  30  3:07  Cyclone  
  30  3:08  Marine x2  
  35  3:16  SCV  
  35  3:17  Refinery  
  36  3:23  Starport Tech Lab  
  36  3:26  Marine x2  
  38  3:29  Orbital Command  
  38  3:30  SCV  
  42  3:43  SCV, Raven  
  42  3:46  Marine x2  
  44  3:54  SCV  
  44  3:55  SCV  
  46  3:57  Siege Tank  
  46  3:58  Supply Depot  
  49  4:06  SCV  
  49  4:07  SCV  
  51  4:16  Command Center  
  51  4:19  SCV  
  51  4:20  SCV  
  51  4:23  Raven  
  55  4:26  Supply Depot  
  55  4:32  SCV x2  
  55  4:37  Marine x2  
  59  4:41  Refinery  
  59  4:43  Siege Tank  
  62  4:46  Supply Depot  
  62  4:48  SCV x2  
  64  5:00  SCV x2  
  66  5:09  Marine, Viking x2  
  66  5:12  Stimpack, SCV x2  
  73  5:23  Siege Tank  
  73  5:24  SCV x2  
  73  5:28  Marine  
  79  5:32  Barracks  
  79  5:33  Barracks  
  79  5:36  SCV x2  
  79  5:42  Viking x2  
  83  5:49  SCV x2  
  87  5:53  Marine  
  87  5:56  Siege Tank  
  91  6:01  SCV x2  
  91  6:09  Engineering Bay  
  91  6:10  Engineering Bay  
  91  6:13  Orbital Command  
  91  6:14  SCV x2  
  92  6:23  Barracks Reactor x2  
  92  6:26  SCV  
  92  6:31  Supply Depot  
  93  6:33  Supply Depot  
  93  6:37  Terran Infantry Armor Level 1, Terran Infantry Weapons Level 1  
  93  6:42  SCV x3, Viking x2  
  100  6:50  Refinery  
  100  6:51  Sensor Tower, Refinery  
  100  6:53  Siege Tank  
  103  6:54  SCV x3  
  103  6:56  Supply Depot  
  103  6:57  Supply Depot  
  106  7:06  SCV x3  
  109  7:12  Marine, Combat Shield  
  109  7:14  Marine x2  
  109  7:15  Marine x2  
  112  7:17  Supply Depot  
  112  7:18  SCV x3  
  116  7:24  Supply Depot  
  116  7:26  Supply Depot  
  116  7:30  Marine, SCV x3  
  116  7:31  Siege Tank, Medivac x2  
  116  7:32  Marine  
  128  7:38  Marine x2  
  128  7:39  Missile Turret  
  128  7:41  Marine  
  128  7:43  SCV x2  
  133  7:46  SCV  
  133  7:48  Marine, Barracks  
  133  7:50  Barracks  
  135  7:55  Marine, SCV x2  
  135  7:56  Marine  
  135  7:58  SCV  
  140  7:59  Marine  
  140  8:04  Siege Tank  
  141  8:10  SCV x2  
  141  8:11  SCV  
  141  8:12  Marine x2  
  146  8:14  Medivac  
  146  8:18  Medivac  
  147  8:26  Marine x2  
  144  8:31  Barracks  
  144  8:32  Barracks  
  144  8:33  Refinery  
  145  8:34  Armory  
  145  8:36  Marine  
  145  8:39  Command Center  
  144  8:44  Medivac  
  144  8:46  Missile Turret  
  144  8:47  Supply Depot  
  144  8:48  Medivac, Barracks Reactor x2, Missile Turret  
  148  8:52  Marine  
  148  8:53  Factory  
  149  8:57  Barracks Reactor  
  149  8:59  Marine  
  149  9:00  SCV  
  149  9:05  Supply Depot  
  149  9:06  Supply Depot  
  149  9:08  Marine x2, Siege Tank, SCV x2  
  156  9:14  Marine  
  157  9:18  Missile Turret x2  
  157  9:22  Terran Infantry Weapons Level 2  
  157  9:26  Marine x2  
  157  9:27  Supply Depot  
  157  9:28  Supply Depot  
  157  9:29  Terran Infantry Armor Level 2  
  157  9:31  Marine x2, Terran Vehicle Weapons Level 1  
  161  9:34  Marine x2  
  161  9:36  SCV x3  
  166  9:39  Siege Tank  
  166  9:40  Siege Tank  
  166  9:43  Marine  
  173  9:48  Marine x6  
  173  9:49  Marine  
  180  9:59  Barracks  
  180  10:01  Barracks  
  180  10:04  Barracks  
  180  10:08  Marine  
  180  10:11  Marine, Siege Tank, Sensor Tower  
  180  10:12  Siege Tank  
  188  10:16  Viking x2  
  192  10:25  Marine x4  
  192  10:26  Marine x2  
  198  10:30  Planetary Fortress  
  198  10:31  Marine x2  
  200  10:47  Marine x2  
  200  10:49  Marine  
  194  10:52  Siege Tank x2  
  194  10:53  Barracks Reactor x3  
  197  10:57  Marine x2  
  197  11:02  Command Center  
  199  11:27  Refinery  
  199  11:29  Refinery  
  199  11:31  Starport x2  
  199  11:36  Terran Vehicle Weapons Level 2  
  199  11:47  Marine  
  185  12:02  Siege Tank  
  185  12:03  Siege Tank  
  185  12:04  Marine x10  
  185  12:06  Marine x2  
  185  12:07  Liberator  
  185  12:08  Liberator  
  184  12:10  Marine x3  
  184  12:11  Marine  
  185  12:15  Viking x2  
  185  12:17  Command Center  
  185  12:19  Command Center  
  185  12:21  Marine  
  185  12:22  Marine x4  
  189  12:25  Supply Depot x2  
  189  12:46  Marine x4  
  189  12:49  Marine  
  192  12:52  Siege Tank  
  192  12:56  Marine x3  
  192  12:57  Marine  
  192  12:58  Marine  
  200  13:00  Marine  
  182  13:07  Marine x2  
  182  13:10  Marine x6  
  172  13:13  Marine  
  172  13:14  Marine x2  
  172  13:17  Orbital Command  
  177  13:21  Marine  
  177  13:22  Marine x2  
  177  13:25  Marine  
  177  13:26  Marine  
  173  13:28  Marine  
  166  13:38  Liberator  
  166  13:39  Liberator  
  159  13:41  Marine  
  159  13:45  Marine  
  152  13:48  Marine  
  152  13:51  Marine  
  146  13:58  Marine  
  147  14:05  Marine  
Show
View Real Time Build Order
Export as new Build Order

Oliveira Terran 

Build Orders:  

Get SALT Encoding   

  12  0:00  SCV  
  13  0:12  SCV  
  14  0:17  Supply Depot  
  14  0:24  SCV  
  15  0:38  SCV  
  15  0:40  Barracks  
  16  0:43  Refinery  
  16  0:51  SCV  
  16  0:53  Refinery  
  17  1:03  SCV  
  18  1:15  SCV  
  19  1:27  Orbital Command, Reaper  
  19  1:30  Supply Depot  
  20  1:44  Factory  
  20  1:53  SCV  
  21  1:59  Reaper  
  22  2:05  SCV  
  23  2:17  SCV  
  24  2:24  Command Center  
  24  2:29  Hellion  
  27  2:30  SCV  
  27  2:33  Reaper  
  28  2:38  Supply Depot  
  28  2:42  SCV  
  29  2:50  Widow Mine  
  31  2:58  SCV  
  31  3:07  Barracks Reactor  
  31  3:09  Starport  
  31  3:10  SCV  
  31  3:12  Factory Tech Lab  
  32  3:21  Refinery  
  32  3:22  SCV  
  33  3:30  Cyclone  
  36  3:35  SCV  
  36  3:37  Orbital Command  
  37  3:44  Marine  
  37  3:45  Marine  
  37  3:46  Starport Tech Lab  
  37  3:47  SCV  
  40  3:59  SCV  
  41  4:03  SCV  
  41  4:05  Raven  
  44  4:11  SCV  
  44  4:13  Command Center  
  44  4:16  SCV  
  46  4:20  Siege Tank  
  49  4:25  SCV, Supply Depot  
  49  4:28  SCV  
  54  4:42  Supply Depot  
  54  4:44  Raven  
  54  4:45  SCV  
  54  4:47  SCV  
  54  4:52  Siege Tank, Marine x2  
  58  4:57  SCV  
  58  4:59  SCV  
  62  5:02  Supply Depot  
  62  5:09  SCV  
  62  5:11  Barracks x2, SCV  
  64  5:21  SCV, Supply Depot  
  64  5:23  SCV  
  64  5:24  Starport Reactor  
  64  5:26  Siege Tank  
  69  5:30  Orbital Command  
  69  5:33  Stimpack, SCV  
  70  5:36  Marine  
  70  5:37  SCV  
  70  5:41  Refinery  
  72  5:47  SCV  
  72  5:53  SCV  
  71  5:59  Siege Tank, SCV  
  71  6:01  SCV  
  75  6:05  Viking x2, SCV  
  81  6:11  SCV, Supply Depot  
  81  6:17  Marine x3  
  84  6:19  SCV  
  84  6:24  Orbital Command  
  83  6:27  SCV  
  83  6:28  Engineering Bay x2  
  84  6:33  Siege Tank  
  84  6:34  Marine, SCV  
  84  6:37  Marine  
  84  6:39  SCV  
  91  6:41  Barracks Reactor  
  91  6:43  Supply Depot  
  91  6:44  Marine  
  92  6:47  Medivac  
  92  6:48  Medivac  
  92  6:49  SCV  
  92  6:50  SCV  
  92  6:51  SCV  
  99  6:54  Marine  
  99  6:58  Supply Depot  
  100  7:01  SCV  
  100  7:02  SCV  
  100  7:04  Terran Infantry Weapons Level 1  
  100  7:05  Terran Infantry Armor Level 1  
  100  7:07  Marine x2  
  104  7:09  SCV  
  104  7:12  Reaper  
  104  7:14  SCV  
  107  7:20  SCV  
  107  7:21  Marine  
  109  7:30  SCV x2  
  109  7:31  Combat Shield  
  109  7:34  Marine x2, SCV, Refinery, Supply Depot  
  109  7:35  Barracks x2, Refinery  
  114  7:38  Siege Tank  
  114  7:42  SCV  
  118  7:45  SCV, Armory  
  119  7:51  Marine  
  118  8:03  Marine  
  118  8:05  Marine x2  
  117  8:06  SCV  
  117  8:08  SCV  
  117  8:14  Marine x2  
  106  8:21  Marine  
  106  8:22  Siege Tank, Marine x2, Command Center  
  102  8:28  Barracks Reactor x2  
  102  8:29  SCV  
  102  8:30  SCV  
  102  8:32  Marine  
  105  8:34  SCV, Supply Depot  
  105  8:36  Sensor Tower, Barracks  
  105  8:38  Terran Vehicle Weapons Level 1, Barracks x2  
  105  8:39  Marine  
  106  8:41  SCV  
  106  8:43  SCV  
  106  8:44  Marine x2  
  106  8:46  SCV  
  111  8:51  Factory  
  111  8:52  Marine  
  111  8:54  SCV  
  111  8:55  SCV  
  114  8:57  Marine  
  114  8:58  Siege Tank  
  114  9:00  Medivac  
  114  9:02  Terran Infantry Weapons Level 2  
  122  9:04  Marine  
  122  9:05  Marine x6  
  122  9:08  SCV x2, Supply Depot  
  129  9:11  Terran Infantry Armor Level 2  
  129  9:16  SCV  
  130  9:17  Marine  
  130  9:18  Marine  
  130  9:21  Sensor Tower  
  130  9:22  Marine x3  
  130  9:23  SCV x2  
  130  9:24  Missile Turret  
  137  9:26  Marine x2  
  137  9:27  Barracks Reactor  
  137  9:28  Barracks Reactor  
  137  9:29  Barracks Reactor  
  139  9:32  Marine x2  
  139  9:35  Planetary Fortress  
  139  9:36  SCV x2  
  139  9:37  Factory Tech Lab, SCV  
  144  9:39  Marine x2  
  144  9:40  Marine  
  144  9:42  Supply Depot  
  144  9:43  Supply Depot  
  147  9:46  Siege Tank  
  147  9:47  Marine x2  
  147  9:48  Marine, SCV  
  147  9:49  Marine  
  147  9:51  Medivac  
  157  9:53  SCV  
  157  9:56  Marine, Supply Depot  
  157  9:57  Marine x2, Supply Depot  
  157  9:58  Siege Tank  
  164  10:01  Supply Depot  
  164  10:03  Marine x2  
  164  10:04  Marine x2  
  164  10:05  Marine x4  
  172  10:11  Marine x2  
  172  10:12  Medivac  
  173  10:15  Marine x2  
  173  10:17  Marine  
  173  10:19  Siege Tank, Marine x2  
  180  10:21  Marine x2  
  180  10:25  Marine x2  
  180  10:26  Marine, Command Center  
  185  10:31  Marine x2  
  185  10:33  Siege Tank  
  185  10:34  Marine x5  
  195  10:37  Terran Vehicle Weapons Level 2  
  195  10:39  Marine  
  195  10:40  Marine x2  
  198  10:48  Marine  
  192  10:51  Marine x2  
  192  10:53  Marine x3  
  192  10:56  Marine x2  
  194  10:58  Marine x2  
  194  11:00  Marine  
  197  11:07  Siege Tank  
  200  11:38  Command Center  
  200  11:40  Command Center  
  200  12:00  Marine x3  
  179  12:05  Marine x5  
  172  12:10  Marine  
  172  12:11  Marine  
  172  12:13  Marine  
  173  12:16  Starport  
  173  12:18  Marine, Barracks  
  173  12:19  Marine, Barracks  
  173  12:20  Marine  
  173  12:24  Marine, Engineering Bay  
  173  12:25  Engineering Bay  
  173  12:26  Marine x2  
  173  12:28  Marine x2  
  168  12:30  Marine  
  169  12:37  Factory  
  169  12:38  SCV x2  
  169  12:40  Marine  
  169  12:42  Marine x3  
  175  12:45  Marine  
  169  12:51  Marine  
  169  12:52  Marine x2  
  149  13:10  Marine  
  149  13:11  Marine x9  
  149  13:13  Marine  
  149  13:19  Medivac  
  145  13:24  Orbital Command  
  130  13:29  Marine x5  
  126  13:35  Marine  
  126  13:36  Marine  
  114  13:43  Marine  
  114  13:45  Factory  
  114  13:47  Factory  
  111  14:03  Orbital Command  
  100  14:17  SCV  

Tags
 
Add a new tag
Caveats
  • Supply blocks, unpowered buildings, or Contaminate may cause inaccurate times.
  • Supply counts are checked every 10 seconds.